 Dungeon Crawl Stone Soup version 0.25.1-2-g60ff931df9 (webtiles) character file.

Game seed: 16089076951806127145

199 Acheron the Chopper (level 5, -4/32 HPs)
             Began as a Gargoyle Gladiator on Oct 20, 2020.
             Was an Initiate of Okawaru.
             Slain by a scorpion (5 damage)
             ... on level 5 of the Dungeon.
             The game lasted 00:09:14 (2576 turns).

Acheron the Chopper (Gargoyle Gladiator)            Turns: 2576, Time: 00:09:14

Health: -4/32      AC: 11    Str: 15 (17) XL:     5   Next: 77%
Magic:  6/6        EV: 10    Int:  8 (9)  God:    Okawaru [......]
Gold:   144        SH:  0    Dex: 10 (12) Spells: 5/5 levels left

rFire    . . .     SeeInvis .   a - +0 war axe
rCold    . . .     Gourm    .   (no shield)
rNeg     + . .     Faith    .   e - +0 scale mail
rPois    ∞         Spirit   .   c - +0 helmet
rElec    +         Reflect  .   (no cloak)
rCorr    .         Harm     .   (no gloves)
MR       .....                  (no boots)
Stlth    ..........             (no amulet)
HPRegen  0.10/turn              (no ring)
MPRegen  0.10/turn              (no ring)

@: brilliant
A: negative energy resistance 1, electricity resistance, unbreathing,
petrification resistance, rot immunity, AC +4
a: Renounce Religion


You were on level 5 of the Dungeon.
You worshipped Okawaru.
Okawaru was noncommittal.
You were not hungry.

You visited 2 branches of the dungeon, and saw 6 of its levels.

You collected 144 gold pieces.

Inventory:

Hand Weapons
 a - a +0 war axe (weapon)
 h - a +0 short sword
 r - a +0 war axe
Missiles
 d - 2 throwing nets (quivered)
 j - 95 stones
 q - 2 boomerangs
Armour
 b - a +0 leather armour
 c - a +0 helmet (worn)
 e - a +0 scale mail (worn)
Scrolls
 i - a scroll of remove curse {unknown}
 k - 2 scrolls of fog {unknown}
 m - 2 scrolls of enchant armour {unknown}
 n - a scroll of identify
 p - a scroll of magic mapping {unknown}
 s - a scroll of teleportation {unknown}
Potions
 l - a potion of ambrosia
Comestibles
 f - 4 rations


   Skills:
 * Level 3.2 Fighting
 + Level 4.0 Axes
 * Level 2.1 Throwing
 * Level 1.6 Armour
 * Level 3.0 Dodging
 * Level 1.5 Stealth
 * Level 0.8 Spellcasting


You had 5 spell levels left.
You didn't know any spells.
Your spell library contained the following spells:

 Spells                   Type           Power        Failure   Level  Hunger
 Animate Skeleton         Necr           N/A          85%         1    None
 Pain                     Necr           #...         85%         1    None
 Vampiric Draining        Necr           #.........   99%         3    None
 Animate Dead             Necr           N/A          100%        4    None
 Agony                    Necr           #.......     100%        5    None


Dungeon Overview and Level Annotations

Branches:
Dungeon (5/15)             Temple (1/1) D:5

Altars:
Ashenzari
Cheibriados
Elyvilon
Fedhas
Hepliaklqana
Nemelex Xobeh
Okawaru
Qazlal
Ru
Uskayaw
Vehumet
Xom
Zin
The Shining One


Innate Abilities, Weirdness & Mutations

You are resistant to torment.
Your stone body is resilient. (AC +4)
You are immune to poison.
You resist negative energy. (rN+)
You are resistant to electric shocks. (rElec)
You can survive without breathing.
You are immune to petrification.
You are immune to rotting.


Message History

You hit the scorpion.
The scorpion is almost dead.
The scorpion stings you but does no damage.
The scorpion stings you.
* * * LOW HITPOINT WARNING * * *
You hit the scorpion.
The scorpion is almost dead.
The scorpion stings you.
* * * LOW HITPOINT WARNING * * *
It was a potion of degeneration.
There was something very wrong with that liquid.
You feel weakened.
You feel dopey.
You feel clumsy. The scorpion misses you.
It was a potion of brilliance.
You feel clever all of a sudden.
The scorpion stings you but does no damage.
You barely miss the scorpion.
The scorpion is almost dead.
The scorpion stings you.
You die...

####...#######.#
####...######..#
..............######.#
..............'......#
..............########
..............#
.............o####
...#########.oos.# ...
#####@# ### #.# #.#
#.# #.# #.# #.# #.#
#.#


You could see a scorpion and 3 orcs.

Vanquished Creatures
  A bullfrog skeleton (D:4)
  2 worker ant zombies (D:3)
  8 adders
  An adder skeleton (D:3)
  2 worms
  4 dart slugs
  4 leopard geckos
  2 orcs (D:3)
  3 giant cockroaches
  7 goblins
  A hobgoblin (D:3)
  6 jackals (D:3)
  8 bats
  2 frilled lizards
  A jackal skeleton (D:3)
  7 kobolds
  A quokka skeleton (D:3)
  4 rats
64 creatures vanquished.

Notes
Turn   | Place    | Note
-------+----------+-------------------------------------------
     0 | D:1      | Acheron the Gargoyle Gladiator began the quest for the Orb.
     0 | D:1      | Reached XP level 1. HP: 12/12 MP: 1/1
   464 | D:1      | Reached XP level 2. HP: 17/17 MP: 2/2
   474 | D:1      | Reached skill level 3 in Axes
  1158 | D:1      | Reached XP level 3. HP: 17/22 MP: 3/3
  1367 | D:2      | Found a glowing golden altar of the Shining One.
  1402 | D:2      | Found a snail-covered altar of Cheibriados.
  1454 | D:3      | Reached XP level 4. HP: 27/27 MP: 4/4
  1558 | D:3      | Reached skill level 1 in Armour
  1793 | D:3      | Reached skill level 1 in Stealth
  1810 | D:3      | Reached XP level 5. HP: 26/32 MP: 5/5
  2234 | D:4      | Reached skill level 4 in Axes
  2316 | D:5      | Entered Level 5 of the Dungeon
  2351 | D:5      | Found a staircase to the Ecumenical Temple.
  2360 | Temple   | Entered the Ecumenical Temple
  2486 | Temple   | Became a worshipper of Warmaster Okawaru
  2572 | D:5      | HP: 1/32 [scorpion (6)]
  2576 | D:5      | Slain by a scorpion

Illustrated notes

Levels and vault maps discovered:
D:1:      nicolae_arrival_somewhat_less_tricky_arrival, layout_basic
D:2:      layout_rooms, lemuel_crystal_altar, kennysheep_slug_shrine,
          first_ration
D:3:      layout_loops_ring, serial_undead, serial_undead_c, serial_undead_c,
          serial_undead_d, serial_undead_e, serial_undead_b,
          wander_ebering_terrifying_dragon_lair
D:4:      layout_basic, kennysheep_mini, kennysheep_mini_moat,
          marbit_many_paths, uniq_edmund
D:5:      layout_basic, bloody_trog, minmay_temple_entry_ruins
Temple:   minmay_temple_bridge_abc

Skill      XL: |  1  2  3  4  5 |
---------------+----------------+-----
Axes           | 3 4 |  4.0
Armour         | 1 |  1.6
Throwing       | 2 |  2.1
Fighting       | 3 |  3.2
Stealth        | 1 |  1.5
Dodging        | 3 |  3.0
Spellcasting   | |  0.8

Action                   |  1- 3 |  4- 6 || total
-------------------------+-------+-------++-------
Melee: War axe           |   113 |   157 ||   270
Throw: Throwing net      |     2 |       ||     2
  Use: Scroll            |     2 |       ||     2
       Potion            |       |     2 ||     2
 Stab: Held in net/web   |     1 |       ||     1
  Eat: Chunk             |     2 |     3 ||     5
       Ration            |       |     1 ||     1
Armor: Leather armour    |    11 |       ||    11
       Scale mail        |    55 |   112 ||   167
Dodge: Dodged            |    87 |   121 ||   208
